 Dungeon Crawl Stone Soup version 0.23.2-1-ga50397a (webtiles) character file.

Game seed: 11525382060386623019

1509 night the Cruncher (level 8, 0/56 HPs)
             Began as a Demonspawn Gladiator on May 5, 2019.
             Was a Believer of Kikubaaqudgha.
             Slain by Menkaure (10 damage)
             ... on level 6 of the Dungeon.
             The game lasted 00:16:41 (6575 turns).

night the Cruncher (Demonspawn Gladiator)           Turns: 6575, Time: 00:16:42

Health: 0/56       AC:  7    Str: 14    XL:     8   Next: 53%
Magic:  8/8        EV: 13    Int: 11    God:    Kikubaaqudgha [**....]
Gold:   299        SH:  0    Dex: 16    Spells: 5/7 levels left

rFire    + . .     SeeInvis .   p - +2 halberd (venom)
rCold    + + .     Gourm    .   (shield currently unavailable)
rNeg     . . .     Faith    .   b - +0 leather armour
rPois    .         Spirit   .   c - +0 helmet
rElec    .         Reflect  .   g - scarf {rC+ rF+}
rCorr    .         Harm     .   (no gloves)
MR       .....                  (no boots)
Stlth    ++........             (no amulet)
HPRegen  0.18/turn              (no ring)
MPRegen  0.11/turn              (no ring)

@: no status effects
A: claws 2, icy blue scales 2, cold resistance 1, nightstalker 1
a: Receive Corpses, Renounce Religion


You were on level 6 of the Dungeon.
You worshipped Kikubaaqudgha.
Kikubaaqudgha was pleased with you.
You were not hungry.

You visited 2 branches of the dungeon, and saw 7 of its levels.

You collected 299 gold pieces.

Inventory:

Hand Weapons
 a - a +0 quarterstaff
 p - a +2 halberd of venom (weapon)
 I - a +5 scythe of venom
Missiles
 d - 3 throwing nets (quivered)
 h - 36 sling bullets
 l - 198 stones
 m - 56 arrows
 t - 45 bolts
 A - 4 tomahawks
Armour
 b - a +0 leather armour (worn)
 c - a +0 helmet (worn)
 g - a scarf of resistance (worn)
Magical Staves
 J - an uncursed staff of fire
Jewellery
 s - an uncursed ring of wizardry {unknown}
 B - an uncursed ring of wizardry {unknown}
 F - an uncursed ring of wizardry {unknown}
Scrolls
 j - a scroll of blinking {unknown}
 k - 3 scrolls of remove curse {unknown}
 n - 3 scrolls of identify
 o - 2 scrolls of amnesia {unknown}
 u - 2 scrolls of enchant weapon {unknown}
 v - 5 scrolls of teleportation {unknown}
 w - a scroll of immolation {unknown}
 y - 3 scrolls of fog {unknown}
 D - 3 scrolls of magic mapping {unknown}
 E - a scroll of fear {unknown}
Potions
 e - 2 potions of might
 i - 2 potions of curing
 q - 4 potions of heal wounds
 r - 2 potions of berserk rage {unknown}
 x - a potion of ambrosia {unknown}
 z - a potion of flight {unknown}
 C - 2 potions of resistance
 G - a potion of haste {unknown}
Comestibles
 f - 12 rations
 H - 3 chunks of flesh


   Skills:
 - Level 2.0 Fighting
 + Level 9.1 Staves
 - Level 1.7 Throwing
 - Level 2.7 Dodging
 + Level 5.3 Necromancy


You had 5 spell levels left.
You knew the following spells:

 Your Spells              Type           Power        Failure   Level  Hunger
a - Animate Skeleton      Necr           N/A          5%          1    ##.....
b - Pain                  Necr           ##..         5%          1    ##.....

Your spell library contained the following spells:

 Spells                   Type           Power        Failure   Level  Hunger
 Corpse Rot               Necr           N/A          8%          2    ###....
 Sublimation of Blood     Necr           ##........   8%          2    ###....
 Apportation              Tloc           #.....       41%         1    ##.....
 Confusing Touch          Hex            #.....       41%         1    ##.....
 Corona                   Hex            #......      41%         1    ##.....
 Summon Small Mammal      Summ           #...         41%         1    ##.....
 Regeneration             Chrm/Necr      #.........   43%         3    ####...
 Slow                     Hex            #.......     56%         2    ###....
 Inner Flame              Hex/Fire       #.......     80%         3    ####...
 Portal Projectile        Hex/Tloc       #.....       80%         3    ####...
 Cause Fear               Hex            #.........   99%         4    #####..
 Leda's Liquefaction      Hex/Erth       #.........   99%         4    #####..


Dungeon Overview and Level Annotations

Branches:
Dungeon (6/15)             Temple (1/1) D:5

Altars:
Ashenzari
Cheibriados
Fedhas
Gozag
Hepliaklqana
Kikubaaqudgha
Makhleb
Nemelex Xobeh
Okawaru
Ru
Sif Muna
Trog
Uskayaw
Vehumet
Wu Jian
Xom
Yredelemnul
Zin
The Shining One

Annotations:
D:6 Menkaure


Innate Abilities, Weirdness & Mutations

You have very sharp fingernails.
You are mostly covered in icy blue scales. (AC +3)
Your flesh is cold resistant. (rC+)
You are slightly more attuned to the shadows.


Message History

Menkaure is severely damaged.
Menkaure closely misses you.
You hit Menkaure.
Menkaure is severely damaged.
Menkaure hits you! Menkaure barely misses you.
Menkaure shrieks, "Why can't you leave me to my rest?"
Menkaure hits you.
Menkaure points at you and mumbles some strange words.
Pain shoots through your body!
* * * LOW HITPOINT WARNING * * *
Evoke which item? (* to show all) (? for menu, Esc to quit)
Okay, then.
Attack whom?
Press: ? - help, Dir - move target cursor, f - Menkaure
Aim: Menkaure (severely damaged, fast)
You reach to attack!
You hit Menkaure but do no damage.
Menkaure is severely damaged.
Menkaure hits you!
You die...
Kikubaaqudgha rasps: "You have failed me!
Welcome... death!"

#.# #.#
#.# #.#
#.# #.#
#######
#.#
.<....####
#M#
.[........
#@#
......###
#.#
......#
#.#
###.###
#.# #...#
#.# ##...#
#.#
.#...#.#
#.#
.#...#.#
#.#
.#.###.#
####.#


You could see Menkaure.

Vanquished Creatures
  Pikel (D:5)
  Sigmund (D:5)
  2 slaves
  A sky beast (D:3)
  A bullfrog (D:6)
  2 scorpions
  2 vampire bats (D:2)
  A crimson imp (D:2)
  A centaur zombie (D:4)
  2 hounds
  A jelly (D:6)
  2 iguanas (D:4)
  2 worker ants
  Robin (D:2)
  A worker ant zombie (D:5)
  8 gnolls
  A howler monkey skeleton (D:4)
  6 adders
  A dart slug (D:3)
  2 leopard geckos
  7 orcs
  2 bat skeletons (D:2)
  3 bat zombies (D:2)
  5 giant cockroaches
  17 goblins
  16 hobgoblins
  11 jackals
  3 kobolds
  2 quokkas
  A ball python (D:2)
  11 bats
  6 frilled lizards
  3 leopard gecko zombies
  8 rats
134 creatures vanquished.

Vanquished Creatures (collateral kills)
  An adder skeleton (D:3)
  A frilled lizard (D:3)
2 creatures vanquished.

Grand Total: 136 creatures vanquished

Notes
Turn   | Place    | Note
-------+----------+-------------------------------------------
     0 | D:1      | night the Demonspawn Gladiator began the quest for the Orb.
     0 | D:1      | Reached XP level 1. HP: 16/16 MP: 1/1
   343 | D:1      | Reached skill level 3 in Staves
   348 | D:1      | Gained mutation: You have sharp fingernails. [demonic
                  | ancestry]
   348 | D:1      | Reached XP level 2. HP: 7/22 MP: 2/2
   956 | D:2      | Gained mutation: You are partially covered in icy blue
                  | scales. (AC +2) [demonic ancestry]
   956 | D:2      | Reached XP level 3. HP: 17/27 MP: 3/3
   965 | D:1      | Reached skill level 4 in Staves
  1190 | D:2      | Reached XP level 4. HP: 20/33 MP: 4/4
  1513 | D:2      | Found a burning altar of Makhleb.
  1519 | D:2      | Reached skill level 5 in Staves
  1794 | D:2      | Gained mutation: You are mostly covered in icy blue scales.
                  | (AC +3) [demonic ancestry]
  1794 | D:2      | Reached XP level 5. HP: 38/38 MP: 5/5
  1960 | D:2      | Found an ancient bone altar of Kikubaaqudgha.
  1989 | D:2      | Became a worshipper of Kikubaaqudgha
  2074 | D:2      | Noticed Robin
  2085 | D:2      | Killed Robin
  2085 | D:2      | Reached skill level 6 in Staves
  2405 | D:2      | Found a snail-covered altar of Cheibriados.
  2658 | D:3      | Gained mutation: You are slightly more attuned to the
                  | shadows. [demonic ancestry]
  2658 | D:3      | Reached XP level 6. HP: 44/44 MP: 6/6
  2660 | D:3      | Noticed a sky beast
  2703 | D:3      | Killed a sky beast
  3040 | D:3      | Reached * piety under Kikubaaqudgha
  3040 | D:3      | Identified Kikubaaqudgha's Papyrus of Unholy Rites
                  | (Kikubaaqudgha gifted it to you on level 3 of the Dungeon)
  3040 | D:3      | Received a gift from Kikubaaqudgha
  3057 | D:3      | Learned a level 1 spell: Animate Skeleton
  3114 | D:3      | Found a bloodstained altar of Trog.
  3616 | D:4      | Found a hide-covered altar of Uskayaw.
  3619 | D:4      | Noticed a +0 dagger
  3619 | D:4      | Noticed a +0 dagger
  3783 | D:4      | Found a glowing silver altar of Zin.
  3794 | D:4      | Found a blossoming altar of Fedhas.
  3809 | D:4      | Reached skill level 7 in Staves
  4011 | D:4      | Found a deep blue altar of Sif Muna.
  4033 | D:4      | Found an iron altar of Okawaru.
  4215 | D:4      | Gained mutation: You have very sharp fingernails. [demonic
                  | ancestry]
  4215 | D:4      | Reached XP level 7. HP: 36/50 MP: 7/7
  4513 | D:4      | Found a shattered altar of Ashenzari.
  4789 | D:5      | Entered Level 5 of the Dungeon
  4801 | D:5      | Found a staircase to the Ecumenical Temple.
  4812 | Temple   | Entered the Ecumenical Temple
  4913 | D:5      | Noticed Sigmund
  4926 | D:5      | Reached skill level 1 in Necromancy
  5306 | D:5      | Reached skill level 8 in Staves
  5745 | D:5      | Killed Sigmund
  6025 | D:6      | Noticed Pikel
  6165 | D:5      | Killed Pikel
  6165 | D:5      | Reached skill level 9 in Staves
  6165 | D:5      | Reached skill level 5 in Necromancy
  6165 | D:5      | Gained mutation: Your flesh is cold resistant. (rC+)
                  | [demonic ancestry]
  6165 | D:5      | Reached XP level 8. HP: 25/56 MP: 8/8
  6355 | D:6      | Reached ** piety under Kikubaaqudgha
  6500 | D:6      | Learned a level 1 spell: Pain
  6559 | D:6      | Noticed Menkaure
  6575 | D:6      | Slain by Menkaure

Skill      XL: |  1  2  3  4  5  6  7 |
---------------+----------------------+-----
Staves         | 3 4 5 6 7 9 |  9.1
Necromancy     | 5 |  5.3
Fighting       | |  2.0
Throwing       | |  1.7
Dodging        | |  2.7

Action                   |  1- 3 |  4- 6 |  7- 9 || total
-------------------------+-------+-------+-------++-------
Melee: Quarterstaff      |    76 |       |    10 ||    86
       Halberd           |     2 |   226 |    51 ||   279
       Scythe            |       |       |    13 ||    13
 Cast: Animate Skeleton  |       |     5 |       ||     5
       Pain              |       |       |     4 ||     4
  Use: Potion            |     2 |       |     1 ||     3
       Scroll            |       |       |     3 ||     3
 Stab: Sleeping          |       |     5 |     5 ||    10
       Distracted        |       |     2 |       ||     2
  Eat: Chunk             |     1 |    10 |     5 ||    16
       Ration            |       |       |     1 ||     1
Armor: Leather armour    |    24 |   100 |    26 ||   150
Dodge: Dodged            |    51 |   152 |    66 ||   269
